 Dungeon Crawl Stone Soup version 0.28-a0-722-gc0678643b6 (webtiles) character file.

Game seed: 132730346243339433

2764 KristoblXynda the Ruffian (level 9, -1/91 HPs)
             Began as a Troll Monk on Oct 25, 2021.
             Was a Priest of Cheibriados.
             Slain by a vampire mosquito (5 damage)
             ... on level 6 of the Dungeon.
             The game lasted 00:07:11 (4718 turns).

KristoblXynda the Ruffian (Troll Monk)              Turns: 4718, Time: 00:07:11

Health: -1/91      AC:  6    Str: 28    XL:     9   Next: 42%
Magic:  10/11      EV: 13    Int: 16    God:    Cheibriados [***...]
Gold:   311        SH:  0    Dex: 19    Spells: 8/8 levels left

rFire   + . .      SeeInvis .     - Unarmed
rCold   . . .      Faith    .   (no shield)
rNeg    . . .      Spirit   .   a - +0 robe
rPois   .          Reflect  .   (helmet restricted)
rElec   .          Harm     .   u - +1 cloak
rCorr   .          Rampage  .   (gloves unavailable)
Will    .....                   (boots unavailable)
Stlth   ++........              (no amulet)
HPRegen 1.25/turn               s - ring of protection from fire
MPRegen 0.12/turn               (no ring)

@: very slow
A: large, unfitting armour, claws 3, regeneration 1, shaggy fur 1, tough skin 1
a: Renounce Religion, Bend Time, Temporal Distortion


You were on level 6 of the Dungeon.
You worshipped Cheibriados.
Cheibriados was most pleased with you.
You visited 1 branch of the dungeon, and saw 6 of its levels.

You collected 371 gold pieces.
You spent 60 gold pieces at shops.

Inventory:

Armour
 a - a +0 robe (worn)
 u - a +1 cloak (worn)
Jewellery
 o - a ring of ice
 s - a ring of protection from fire (left claw)
Wands
 c - a wand of iceblast (8)
Scrolls
 d - a scroll of fog {unknown}
 e - a scroll of noise {unknown}
 h - 2 scrolls of blinking {unknown}
 j - a scroll of vulnerability {unknown}
 l - 2 scrolls of teleportation
 m - a scroll of holy word {unknown}
 r - a scroll of summoning
 t - a scroll of immolation {unknown}
Potions
 b - a potion of brilliance {unknown}
 f - 2 potions of mutation {unknown}
 k - 2 potions of curing {unknown}
 n - a potion of flight {unknown}
 p - a potion of experience {unknown}
 q - a potion of berserk rage {unknown}


   Skills:
 + Level 6.3 Fighting
 + Level 6.3 Dodging
 - Level 1.0 Stealth
 + Level 7.7 Unarmed Combat
 + Level 4.0 Invocations


You had 8 spell levels left.
You didn't know any spells.
Your spell library contained the following spells:

 Spells                   Type           Power      Damage    Failure   Level
 Animate Skeleton         Necr           0%         N/A       26%         1
 Apportation              Tloc           0%         N/A       26%         1
 Summon Small Mammal      Summ           0%         N/A       26%         1
 Ensorcelled Hibernation  Hex/Ice        0%         N/A       36%         2
 Scorch                   Fire           0%         2d5       36%         2
 Sublimation of Blood     Necr           0%         N/A       36%         2
 Tukima's Dance           Hex            0%         N/A       58%         3
 Flame Wave               Conj/Fire      0%         3d3       94%         4
 Petrify                  Tmut/Erth      0%         N/A       94%         4
 Alistair's Intoxication  Tmut/Pois      0%         N/A       100%        5
 Irradiate                Conj/Tmut      0%         3d13      100%        5
 Invisibility             Hex            0%         N/A       100%        6
 Summon Cactus Giant      Summ           0%         N/A       100%        6


Dungeon Overview and Level Annotations

Branches:
Dungeon (6/15)             Temple (0/1) D:4

Altars:
Ashenzari
Cheibriados
Dithmenos
Gozag
Makhleb
Trog

Shops:
D:2 **(


Innate Abilities, Weirdness & Mutations

You are too large for most types of armour.
You have claws for hands.
Your natural rate of healing is unusually fast.
You are covered in fur. (AC +1)
You have tough skin. (AC +1)


Message History

The vampire mosquito bites your ogre!
The vampire mosquito closely misses you.
Your kobold is engulfed in a cloud of scalding steam.
Your kobold dies!
Your kobold's corpse dissolves into shadows!
The vampire mosquito bites your ogre!
Your ogre dies!
Your ogre's corpse dissolves into shadows!
You miss the vampire mosquito.
The vampire mosquito is heavily damaged.
The vampire mosquito bites you!
* * * LOW HITPOINT WARNING * * *
The vampire mosquito draws strength from your injuries!
The vampire mosquito is engulfed in a cloud of scalding steam.
The vampire mosquito is destroyed!
The vampire mosquito is engulfed in a cloud of scalding steam.
The vampire mosquito misses you.
You scratch the vampire mosquito but do no damage.
The vampire mosquito is severely damaged.
The vampire mosquito bites you.
* * * LOW HITPOINT WARNING * * *
The vampire mosquito draws strength from your injuries!
The vampire mosquito barely misses you.
Unknown command.
You scratch the vampire mosquito but do no damage.
The vampire mosquito is heavily damaged.
The vampire mosquito is engulfed in a cloud of scalding steam.
The vampire mosquito bites you!
* * * LOW HITPOINT WARNING * * *
The vampire mosquito draws strength from your injuries!
Your kobold throws a stone.
The stone misses the vampire mosquito.
Your kobold is engulfed in a cloud of scalding steam.
Your kobold dies!
Your kobold's corpse dissolves into shadows!
The jelly barely misses you.
Unknown command.
You scratch the vampire mosquito.
The vampire mosquito is severely damaged.
The vampire mosquito bites you.
You die...

#######.......# ####
####....##.......####...
.....(..##..............
########.....##########...
#≈.≈≈≈††.#####.≈§#### #...
########.##.#...≈≈#..##...
#.#..#.......≈#...#...
###...K)y.#....≈ #..#..^
#.....J@### ... #......
#.##....# . ##....# ...
#...... ##..## ###
#....### #...# ......#
#..#.## ..#....# ####..#
##....... # #... ##......
.. ###.#. ...#.#.#.


You could see a vampire mosquito (ally target), a jelly and a friendly kobold
(summoned).

Vanquished Creatures
  The ghost of tensugalgo the Summoner, a novice TeSu of Cheibriados (D:6)
  Grinder (D:4)
  Eustachio (D:4)
  A steam dragon (D:6)
  2 vampire mosquitoes (D:6)
  A water moccasin (D:5)
  Duvessa (D:6)
  An ice beast (D:5)
  A black bear (D:6)
  A necrophage (D:5)
  An ogre (D:4)
  A phantom (D:5)
  A bullfrog (D:6)
  A scorpion (D:3)
  Dowan (D:6)
  2 orc priests
  A gnoll shaman (D:6)
  Crazy Yiuf (D:5)
  A centaur skeleton (D:4)
  5 iguanas
  Jessica (D:2)
  Natasha (twice) (D:2)
  A hound skeleton (D:5)
  Robin (D:2)
  20 gnolls
  6 adders
  A white imp (D:5)
  2 worms (D:2)
  3 dart slugs
  9 orcs
  9 ball pythons
  7 bats
  8 endoplasms
  2 giant cockroaches
  14 goblins
  14 hobgoblins
  2 jackals (D:3)
  8 quokkas
  3 frilled lizards
  43 kobolds
  6 rats
188 creatures vanquished.

Vanquished Creatures (collateral kills)
  An ogre (D:6)
1 creature vanquished.

Vanquished Creatures (others)
  A vampire mosquito (D:6)
  A goblin (D:2)
2 creatures vanquished.

Grand Total: 191 creatures vanquished

Notes
Turn   | Place    | Note
-------+----------+-------------------------------------------
     0 | D:1      | KristoblXynda the Troll Monk began the quest for the Orb.
     0 | D:1      | Reached XP level 1. HP: 22/22 MP: 0/0
   113 | D:1      | Reached XP level 2. HP: 29/29 MP: 1/1
   236 | D:1      | Found a faded altar of an unknown god.
   395 | D:1      | Reached XP level 3. HP: 36/36 MP: 2/2
   589 | D:2      | Noticed Jessica
   598 | D:2      | Killed Jessica
   733 | D:2      | Reached XP level 4. HP: 39/45 MP: 3/3
   835 | D:2      | Found a shadowy altar of Dithmenos.
   910 | D:2      | Found Zaomimegg's Weapon Shoppe.
   985 | D:2      | Noticed Natasha
   992 | D:2      | Killed Natasha
   993 | D:2      | Reached skill level 4 in Unarmed Combat
  1090 | D:2      | Found Joac's General Store.
  1098 | D:2      | Bought a scroll of identify for 24 gold pieces
  1098 | D:2      | Bought a scroll of teleportation for 36 gold pieces
  1147 | D:2      | Noticed Robin
  1185 | D:2      | Killed Robin
  1204 | D:2      | Found Jobecaty's Assorted Antiques.
  1221 | D:2      | Reached XP level 5. HP: 50/53 MP: 4/4
  1395 | D:2      | Noticed Natasha
  1399 | D:2      | Killed Natasha
  1857 | D:3      | Reached XP level 6. HP: 30/62 MP: 5/5
  2146 | D:3      | Found a bloodstained altar of Trog.
  2805 | D:4      | Reached skill level 5 in Unarmed Combat
  3014 | D:4      | Reached XP level 7. HP: 34/71 MP: 6/6
  3250 | D:4      | Noticed Grinder
  3262 | D:4      | Killed Grinder
  3336 | D:4      | Found a staircase to the Ecumenical Temple.
  3515 | D:4      | Found a burning altar of Makhleb.
  3531 | D:4      | Found a snail-covered altar of Cheibriados.
  3612 | D:4      | Noticed Eustachio
  3627 | D:4      | Killed Eustachio
  3628 | D:4      | Reached skill level 6 in Unarmed Combat
  3867 | D:4      | Became a worshipper of Cheibriados the Contemplative
  3867 | D:4      | Reached * piety under Cheibriados
  3867 | D:4      | Reached ** piety under Cheibriados
  3897 | D:5      | Entered Level 5 of the Dungeon
  3905 | D:5      | Reached skill level 5 in Fighting
  3915 | D:5      | Found an opulent altar of Gozag.
  4001 | D:5      | Reached skill level 5 in Dodging
  4006 | D:5      | Reached XP level 8. HP: 46/80 MP: 7/7
  4063 | D:5      | Reached skill level 1 in Invocations
  4133 | D:5      | Found a broken altar of Ashenzari.
  4211 | D:5      | Found a runed translucent door.
  4212 | D:5      | Noticed Crazy Yiuf
  4406 | D:5      | Killed Crazy Yiuf
  4456 | D:6      | Noticed Duvessa
  4459 | D:6      | Noticed Dowan
  4474 | D:6      | Killed Duvessa
  4478 | D:6      | Killed Dowan
  4514 | D:6      | Reached skill level 7 in Unarmed Combat
  4591 | D:6      | Reached *** piety under Cheibriados
  4645 | D:6      | Found a runed translucent door.
  4648 | D:6      | Noticed tensugalgo's ghost (novice TeSu)
  4654 | D:6      | Reached XP level 9. HP: 83/89 MP: 10/10
  4663 | D:6      | Killed tensugalgo's ghost
  4717 | D:6      | HP: 2/91 [vampire mosquito (8)]
  4718 | D:6      | Slain by a vampire mosquito

Illustrated notes

Levels and vault maps discovered:
D:1:      minmay_arrival_diagonal_passages, layout_basic,
          chequers_ecumenical_altar_grove
D:2:      layout_basic, serial_shops, nicolae_shop_stone, nicolae_diamond_shop,
          nicolae_diamond_shop, basic_altar, minmay_fractal_squares_gapless_5,
          uniq_robin, uniq_natasha, uniq_jessica
D:3:      minmay_goblin_kobold_castle, layout_loops_cross,
          mainiacjoe_overflow_alcove_4
D:4:      layout_basic, mainiacjoe_overflow_swirl,
          minmay_temple_entry_nine_rooms, uniq_eustachio, uniq_grinder
D:5:      layout_rooms, evilmike_ruin_ashenzari, grunt_gozag_breadcrumbs,
          kennysheep_small_square, uniq_crazy_yiuf_cottage
D:6:      cheibrodos_steamvent, layout_rooms, nicolae_yredelemnul_corpse_copse,
          ebering_ghost_sewer_d, lemuel_flamethrower_1, uniq_edmund,
          uniq_duvessa

Skill      XL: |  1  2  3  4  5  6  7  8  9 |
---------------+----------------------------+-----
Fighting       | 3 4 5 6 |  6.3
Dodging        | 3 4 5 6 |  6.3
Unarmed Combat | 4 5 6 7 |  7.7
Invocations    | 3 4 |  4.0
Stealth        | |  1.0

Action                   |  1- 3 |  4- 6 |  7- 9 || total
-------------------------+-------+-------+-------++-------
Melee: Unarmed           |    58 |   248 |   179 ||   485
       Punch             |       |     1 |     9 ||    10
  Use: Scroll            |       |     1 |     2 ||     3
       Potion            |       |       |     2 ||     2
 Stab: Sleeping          |     2 |     2 |     3 ||     7
Armor: Robe              |    19 |    75 |    41 ||   135
Dodge: Dodged            |    30 |   136 |   144 ||   310

Table legend: (Time is in decaauts)
 A = Elapsed time spent in this place.
 B = Non-inter-level travel time spent in this place.
 C = Inter-level travel time spent in this place.
 D = Time resting spent in this place.
 E = Time spent auto-exploring this place.
 F = Levels seen in this place.
 G = Mean time per level.
                   A        B        C        D        E       F      G
               +--------+--------+--------+--------+--------+-----+--------+
         Total |   4950 |   4749 |    201 |    439 |   3112 |   6 |  825.0 |
       Dungeon |   4950 |   4749 |    201 |    439 |   3112 |   6 |  825.0 |
               +--------+--------+--------+--------+--------+-----+--------+

Top non-repeatable levels by time:
     D:3: 1264 daAuts
     D:4: 1132 daAuts
     D:2: 948 daAuts
     D:5: 748 daAuts
     D:1: 546 daAuts
     D:6: 311 daAuts
